 Dungeon Crawl Stone Soup version 0.31-a0-574-g69dc8cc98e (webtiles) character file.

Game seed: 1256424233427572793

1725404 motkurizz the Acrobat (level 25, 240/240 HPs)
             Began as a Demigod Artificer on Aug 18, 2023.
             Escaped with the Orb
             ... and 3 runes!
             The game lasted 03:02:22 (65667 turns).

motkurizz the Acrobat (Demigod Artificer)          Turns: 65667, Time: 03:02:23

Health: 240/240    AC: 27    Str: 13    XL:     25   Next: 40%
Magic:  27/27      EV: 69    Int: 13    God:
Gold:   7104       SH: 27    Dex: 58    Spells: 24/24 levels left

rFire   + . .        J - +9 hand crossbow (freeze)
rCold   + . .        b - +5 kite shield {AC+3}
rNeg    + . .        d - +5 steam dragon scales
rPois   +            g - -2 hat of the Alchemist {rElec rPois rF+ rC+ rN+ Will+ rMut rCorr}
rElec   +            V - +4 cloak of Ughuxir {Stlth+}
rCorr   +            m - +3 pair of gauntlets of War {Slay+5}
SInv    .            L - +2 pair of boots {rampage}
Will    +++..        w - amulet of regeneration
Stlth   +++          Q - +6 ring of dexterity
HPRegen 1.40/turn    q - +6 ring of dexterity
MPRegen 0.20/turn

%: resist mutation, rampage
@: no status effects
A: high MP 1, forlorn, divine attributes, deterioration 1
0: Orb of Zot
}: 3/15 runes: decaying, serpentine, silver
a: no special abilities


You escaped.
You visited 9 branches of the dungeon, and saw 47 of its levels.
You also visited: Ossuary.

You collected 9515 gold pieces.
You spent 2411 gold pieces at shops.

Inventory:

Hand Weapons
 J - a +9 hand crossbow of freezing (weapon)
Missiles
 r - a throwing net
Armour
 b - a +5 kite shield of protection (worn)
 d - +5 steam dragon scales (worn)
 g - the -2 hat of the Alchemist (worn) {rElec rPois rF+ rC+ rN+ Will+ rMut rCorr}
   (You bought it in a shop on level 3 of the Vaults)

   rF+:       It protects you from fire.
   rC+:       It protects you from cold.
   rElec:     It insulates you from electricity.
   rPois:     It protects you from poison rN+: It protects you from negative
   energy.
   Will+:     It increases your willpower.
   rCorr:     It protects you from acid and corrosion.
   rMut:      It protects you from mutation.
 i - the +2 pair of gloves of the Trombone {Rampage rF+ rCorr Int-5}
   (You found it on level 14 of the Dungeon)

   Int-5:     It affects your intelligence (-5).
   rF+:       It protects you from fire.
   rCorr:     It protects you from acid and corrosion.
   Rampage:   It bestows one free step when moving towards enemies.
 m - the +3 pair of gauntlets of War (worn) {Slay+5}
   (You acquired it on level 4 of the Swamp)

   Slay+5:    It affects your accuracy & damage with ranged weapons and melee
   (+5).
 L - a +2 pair of boots of rampaging (worn)
 V - the +4 cloak of Ughuxir (worn) {Stlth+}
   (You found it on level 3 of the Vaults)

   Stlth+:    It makes you more stealthy.
Jewellery
 n - a ring of flight
 q - a +6 ring of dexterity (right hand)
 s - a ring of resist corrosion
 w - an amulet of regeneration (around neck)
 F - a ring of protection from cold
 Q - a +6 ring of dexterity (left hand)
Wands
 c - a wand of flame (109)
 e - a wand of iceblast (25)
 f - a wand of mindburst (54)
 M - a wand of charming (29)
 T - a wand of polymorph (30)
 U - a wand of light (30)
 Y - a wand of digging (9)
Scrolls
 a - 3 scrolls of fear
 h - 2 scrolls of brand weapon
 j - 6 scrolls of poison
 o - 7 scrolls of blinking
 v - 7 scrolls of fog
 y - 4 scrolls of silence
 D - 7 scrolls of immolation
 I - 11 scrolls of teleportation
 K - 4 scrolls of vulnerability
 O - 3 scrolls of revelation
 W - 9 scrolls of enchant armour
 X - 3 scrolls of summoning
Potions
 k - 2 potions of brilliance
 l - 11 potions of enlightenment
 p - a potion of haste
 t - 24 potions of curing
 u - 9 potions of heal wounds
 z - 6 potions of mutation
 A - 2 potions of magic
 B - 5 potions of resistance
 C - a potion of lignification
 E - 7 potions of attraction
 H - 8 potions of ambrosia
 N - 3 potions of might
 R - a potion of invisibility
Miscellaneous
 x - a tin of tremorstones (2/2)
 P - a sack of spiders
 S - a phial of floods
 Z - a lightning rod (inert)


   Skills:
 + Level 22.9 Fighting
 - Level 4.0 Short Blades
 + Level 21.6 Ranged Weapons
 - Level 11.3 Armour
 * Level 25.4 Dodging
 - Level 10.0 Stealth
 - Level 14.0 Shields
 - Level 4.0 Evocations


You had 24 spell levels left.
You didn't know any spells.
Your spell library contained the following spells:

 Spells                   Type           Power      Damage    Failure   Level
 Apportation              Tloc           0%         N/A       52%         1
 Freeze                   Ice            0%         1d3       52%         1
 Kiss of Death            Conj/Necr      0%         2d5       52%         1
 Necrotise                Necr           0%         1d4       52%         1
 Shock                    Conj/Air       0%         1d3       52%         1
 Slow                     Hex            0%         N/A       52%         1
 Sting                    Tmut/Pois      0%         1d3       52%         1
 Summon Small Mammal      Summ           0%         N/A       52%         1
 Cigotuvi's Dreadful Rot  Necr/Pois/Air  0%         N/A       67%         2
 Ensorcelled Hibernation  Hex/Ice        0%         N/A       67%         2
 Lesser Beckoning         Tloc           0%         N/A       67%         2
 Passwall                 Tmut/Erth      0%         N/A       67%         2
 Poisonous Vapours        Pois/Air       0%         N/A       67%         2
 Wereblood                Tmut           0%         N/A       67%         2
 Call Canine Familiar     Summ           0%         N/A       88%         3
 Confusing Touch          Hex            0%         N/A       88%         3
 Frozen Ramparts          Ice            0%         1d1       88%         3
 Gell's Gravitas          Tloc           0%         N/A       88%         3
 Hailstorm                Conj/Ice       0%         3d3       88%         3
 Ignite Poison            Fire/Tmut/Pois 0%         N/A       88%         3
 Inner Flame              Hex/Fire       0%         N/A       88%         3
 Ozocubu's Armour         Ice            0%         N/A       88%         3
 Portal Projectile        Hex/Tloc       0%         N/A       88%         3
 Stone Arrow              Conj/Erth      0%         3d7       88%         3
 Summon Guardian Golem    Hex/Summ       0%         N/A       88%         3
 Swiftness                Air            0%         N/A       88%         3
 Teleport Other           Tloc           0%         N/A       88%         3
 Tukima's Dance           Hex            0%         N/A       88%         3
 Vampiric Draining        Necr           0%         2d6       88%         3
 Vhi's Electric Charge    Tloc/Air       0%         N/A       88%         3
 Airstrike                Air            0%         2d(0-16)  99%         4
 Animate Armour           Summ/Erth      0%         N/A       99%         4
 Animate Dead             Necr           0%         N/A       99%         4
 Flame Wave               Conj/Fire      0%         2d4       99%         4
 Iskenderun's Mystic Bla  Conj/Tloc      0%         2d3       99%         4
 Olgreb's Toxic Radiance  Pois           0%         N/A       99%         4
 Petrify                  Tmut/Erth      0%         N/A       99%         4
 Sticky Flame             Conj/Fire      0%         2d3       99%         4
 Summon Ice Beast         Ice/Summ       0%         N/A       99%         4
 Summon Lightning Spire   Summ/Air       0%         N/A       99%         4
 Agony                    Necr           0%         N/A       100%        5
 Alistair's Intoxication  Tmut/Pois      0%         N/A       100%        5
 Arcjolt                  Conj/Air       0%         1d10      100%        5
 Borgnjor's Vile Clutch   Necr/Erth      0%         N/A       100%        5
 Freezing Cloud           Conj/Ice/Air   0%         6-21      100%        5
 Irradiate                Conj/Tmut      0%         3d11      100%        5
 Lee's Rapid Deconstruct  Erth           0%         3d4*      100%        5
 Metabolic Englaciation   Hex/Ice        0%         N/A       100%        5
 Silence                  Hex/Air        0%         N/A       100%        5
 Summon Forest            Summ/Tloc      0%         N/A       100%        5
 Yara's Violent Unravell  Hex/Tmut       0%         3d3       100%        5
 Death Channel            Necr           0%         N/A       100%        6
 Eringya's Noxious Bog    Tmut/Pois      0%         4d6       100%        6
 Plasma Beam              Fire/Air       0%         2x1d10    100%        6
 Simulacrum               Ice/Necr       0%         N/A       100%        6
 Enfeeble                 Hex            0%         N/A       100%        7
 Haunt                    Necr/Summ      0%         N/A       100%        7
 Malign Gateway           Summ/Tloc      0%         N/A       100%        7
 Monstrous Menagerie      Summ           0%         N/A       100%        7
 Ozocubu's Refrigeration  Ice            0%         4d7       100%        7
 Spellforged Servitor     Conj/Summ      0%         N/A       100%        7
 Summon Hydra             Summ           0%         N/A       100%        7
 Borgnjor's Revivificati  Necr           0%         N/A       100%        8
 Discord                  Hex            0%         N/A       100%        8
 Ignition                 Fire           0%         3d3       100%        8
 Infestation              Necr           0%         N/A       100%        8
 Summon Horrible Things   Summ           0%         N/A       100%        8
 Polar Vortex             Ice            0%         N/A       100%        9


Dungeon Overview and Level Annotations

Branches:
Dungeon (15/15)            Temple (0/1) D:6            Lair (5/5) D:10
  Swamp (4/4) Lair:2        Snake (4/4) Lair:3        Slime (0/5) Lair:4
    Orc (2/2) D:9             Elf (3/3) Orc:2        Vaults (5/5) D:14
  Crypt (0/3) Vaults:3     Depths (4/4) D:15            Zot (5/5) Depths:4
Ossuary (visited)

Shops:
D:3 (   D:7 ?   Orc:2 =!(:   Elf:1 :   Vaults:1 (   Vaults:3 ([   Vaults:4 :([*

Portals:
Hell: Depths:1 Depths:2 Depths:3 Depths:4
Abyss: Depths:2 Depths:3
Pandemonium: Depths:1 Depths:2
Ziggurat: Depths:2

Annotations:
D:2 Terence
D:5 exclusion: downstairs
D:6 exclusion: downstairs
D:8 exclusion: downstairs
D:9 exclusion: 2 downstairs
D:12 1 runed translucent door
D:14 Roxanne
Lair:1 1 runed translucent door, exclusion: downstairs, DEFE's ghost, journeyman DESh
Lair:4 3 runed translucent doors, Shym's ghost, journeyman DjFE
Swamp:2 exclusion: downstairs
Snake:2 1 transporter
Zot:1 exclusion: downstairs


Innate Abilities, Weirdness & Mutations

You have an increased reservoir of magic. (+10% MP)
You shall have no god before yourself.
Your divine heritage dramatically boosts your attributes as you level up.
Your body sometimes deteriorates upon taking damage.


Message History

What level of the Dungeon? (default 1, ? - help)
Things that are here:
a +0 great sword; a +0 leather armour; a demonspawn corpse
There is a stone staircase leading up, spattered with blood here.
You climb upwards.
Level annotation: Terence
There is a stone staircase leading down here.
There is a stone staircase leading up here.
You climb upwards.
There is a stone staircase leading down here.
What level of the Dungeon? (default 1, ? - help) You're already here!
Okay, then.
Unknown command.
There is a huge open gate here.
There is an open gate here.
The kobold shouts!
A toenail golem comes into view.
You can't go up here!
You shoot a bolt. The bolt hits the toenail golem!!!
The bolt freezes the toenail golem.
The toenail golem is severely damaged.
You shoot a bolt. The bolt hits the toenail golem!!
The bolt freezes the toenail golem.
You destroy the toenail golem!
No reachable target in view!
A green death comes into view.
You shoot a bolt. The bolt hits the green death!!
The bolt freezes the green death.
The green death is moderately wounded.
You shoot a bolt. The bolt hits the green death!
The bolt freezes the green death.
The green death is heavily wounded.
You block the green death's attack.
You shoot a bolt. The bolt hits the green death!!!
The bolt freezes the green death!
You kill the green death!
No reachable target in view!
There is a staircase leading out of the dungeon here.
You have escaped!

..# #......# #. ..####......# #.
..##.'......###### #.
..'..#......'....###############.
..####......####..............##.
..# #.....................##.##.
#+####.....................#....>
.....#..#################..#.###.
.....#..#≈≈≈≈≈≈~@~≈≈≈≈≈≈#..#.# #.
.....#†.#≈≈≈≈~≈~.~~~≈≈≈≈#..#.# #.
.....#..#≈~~~.......~~≈≈#..#.# #.
.....#..#~≈...........~~#..#.# #.
........#~.............≈#..#.# #.
........#≈.............~#..#.# #.
........###..8.###.8..###..#.###.
........#g#...........#K#....##..
........#######'''#######..#....#


You could see a goblin and a kobold.

Vanquished Creatures
  2 dread liches
  3 ancient liches
  3 orbs of fire
  3 juggernauts
  Vv (Zot:3)
  9 Killer Klowns
  Vashnia (Snake:4)
  A curse toe (Zot:2)
  9 golden dragons
  Norris (Vaults:2)
  2 bone dragons
  4 electric golems
  3 doom hounds (Zot:3)
  2 Tzitzimimeh
  The ghost of KimchiStew the Fencer, an adept FoWn of Nemelex Xobeh (Vaults:1)
  5 hellephants
  4 liches
  Grunn (Zot:3)
  Mlioglotl (Snake:3)
  18 tentacled monstrosities
  Asterion (Snake:4)
  5 sphinxes
  8 titans
  26 Orb Guardians
  2 deep elf blademasters (Elf:3)
  An Executioner (D:7)
  14 quicksilver dragons
  2 deep elf master archers (Elf:3)
  A walking divine tome (Depths:3)
  Aizul (Snake:4)
  Agnes (D:14)
  Donald (Swamp:2)
  10 death cobs
  11 shadow dragons
  A fenstrider witch (shapeshifter) (Elf:1)
  Kirke (D:15)
  13 storm dragons
  A fenstrider witch (Swamp:2)
  14 tengu reavers
  2 azure jellies (Elf:2)
  9 nagarajas
  13 fire giants
  4 draconian monks (Zot:3)
  11 deep elf sorcerers
  An emperor scorpion (shapeshifter) (Elf:1)
  10 draconian knights
  18 frost giants
  Louise (Swamp:1)
  2 iron dragons
  21 vault wardens
  6 draconian scorchers
  3 deep elf elementalists (Elf:3)
  2 ghost moths
  10 draconian shifters
  An orc warlord (Vaults:3)
  4 draconian stormcallers
  A reaper (D:4)
  7 draconian annihilators
  14 stone giants
  4 formless jellyfish
  20 very ugly things
  A quicksilver ooze (shapeshifter) (Vaults:5)
  A spriggan defender (Depths:2)
  A broodmother (shapeshifter) (Vaults:4)
  A vampire knight (Depths:3)
  5 deep elf demonologists
  A demonspawn black sun (D:3)
  13 ironbound preservers
  15 ironbound thunderhulks
  6 eleionomae
  3 dire elephants (Vaults:4)
  14 green draconians
  5 bunyips
  The ghost of Geasohic the Cleaver, a journeyman VSSh of Hepliaklqana (Orc:1)
  5 black draconians
  8 purple draconians
  14 red draconians
  A dire elephant (shapeshifter) (Elf:1)
  8 deep elf annihilators
  6 spark wasps
  18 yellow draconians
  Azrael (Snake:1)
  15 white draconians
  An eidolon (Vaults:3)
  A crystal guardian (Vaults:4)
  A green death (D:1)
  17 ettins
  4 deep elf death magi
  11 deep elf high priests
  11 yaktaur captains
  2 great orbs of eyes (shapeshifter) (Elf:1)
  3 entropy weavers
  Josephine (D:11)
  A shambling mangrove (Swamp:4)
  11 fire dragons
  3 jiangshi (Depths:3)
  A fire dragon (shapeshifter) (Elf:3)
  An ice dragon (shapeshifter) (Elf:1)
  37 vault guards
  5 salamander tyrants
  8 great orbs of eyes
  Harold (D:10)
  2 sphinx zombies (Depths:3)
  5 rakshasas
  A ghost crab (Swamp:2)
  22 hydras
  A peacekeeper (Vaults:4)
  6 alligators
  7 ice dragons
  2 ogre magi
  A spriggan air mage (Depths:3)
  A death knight (Vaults:3)
  A hydra (shapeshifter) (Elf:1)
  6 ironbound frosthearts
  An anaconda (shapeshifter) (Vaults:5)
  2 two-headed ogres
  7 centaur warriors
  22 dancing weapons
  8 anacondas
  A sphinx skeleton (Depths:3)
  6 boulder beetles
  2 vampire magi (Depths:3)
  14 naga warriors
  6 hell hogs
  4 tengu warriors
  3 deep troll earth magi
  5 deep troll shamans
  3 orc high priests (Orc:2)
  5 shock serpents
  9 naga sharpshooters
  2 spriggan berserkers
  13 deep elf knights
  12 hell knights
  7 iron trolls
  5 spriggans
  Amaemon (Lair:3)
  4 skysharks
  2 soul eaters
  6 skeletal warriors
  3 salamander mystics (Snake:2)
  3 spriggan druids
  A shadow demon (Zot:1)
  4 goliath frogs
  29 deep trolls
  2 flayed ghosts
  4 naga ritualists (Snake:2)
  8 bog bodies
  6 glowing orange brains
  4 sea snakes (Snake:3)
  8 deep elf archers
  13 ironbound convokers
  A goliath frog (shapeshifter) (Elf:1)
  11 swamp dragons
  A shadow dragon zombie (Depths:3)
  15 wizards
  A tengu zombie (Vaults:1)
  8 phantasmal warriors
  37 deep elf pyromancers
  2 shining eyes (Depths:2)
  7 orc knights
  A wolf spider (shapeshifter) (Elf:1)
  A shining eye (shapeshifter) (Elf:1)
  10 mana vipers
  27 deep elf zephyrmancers
  3 manticores
  10 necromancers
  A mana viper (shapeshifter) (Vaults:5)
  2 fire giant zombies
  20 lindwurms
  A harpy (shapeshifter) (Vaults:5)
  2 shadow dragon skeletons (D:15)
  6 orc sorcerers
  46 ugly things
  4 will-o-the-wisps
  6 cyclopes
  25 moths of wrath
  A manticore (shapeshifter) (Vaults:5)
  A moth of wrath (shapeshifter) (Vaults:4)
  33 black mambas
  6 elephants (Lair:4)
  A guardian serpent (shapeshifter) (D:14)
  A toenail golem (D:1)
  3 rust devils
  25 slime creatures
  23 naga magi
  Maurice (D:10)
  16 salamanders
  19 vault sentinels
  2 ice statues (Elf:2)
  A torpor snail (shapeshifter) (Elf:1)
  11 guardian serpents
  An orange demon (Lair:3)
  A storm dragon simulacrum (Depths:1)
  2 unseen horrors
  A gargoyle (D:12)
  12 cane toads
  An eye of devastation (Depths:2)
  4 freezing wraiths
  14 komodo dragons
  25 yaktaurs
  3 rime drakes (Lair:5)
  2 efreet
  A komodo dragon (shapeshifter) (Elf:1)
  A kobold demonologist (D:11)
  An anaconda simulacrum (Elf:2)
  5 tengu conjurers
  6 tyrant leeches
  5 trolls
  5 hornets
  5 polar bears
  A tengu simulacrum (Depths:1)
  2 hellwings (Depths:1)
  23 blink frogs
  A tarantella (shapeshifter) (Vaults:5)
  An ettin zombie (Vaults:1)
  A snapping turtle (shapeshifter) (Depths:2)
  A slime creature (shapeshifter) (Depths:4)
  A vampire (D:11)
  3 air elementals
  2 ynoxinuls
  7 wraiths
  A shadow (D:12)
  2 water elementals
  3 wyverns
  A human (D:14)
  6 basilisks
  43 yaks
  8 fire elementals
  5 hogs
  A basilisk (shapeshifter) (Elf:1)
  4 steam dragons
  11 vampire mosquitoes
  6 redbacks
  A harpy simulacrum (D:15)
  44 nagas
  2 wargs (Orc:2)
  24 swamp worms
  Edmund (D:6)
  A glowing shapeshifter zombie (D:15)
  6 hell hounds
  13 water moccasins
  The ghost of eelars the Caller, an amateur DESu (D:3)
  2 acid dragons
  2 floating eyes (Depths:2)
  A hydra simulacrum (Elf:2)
  21 orc warriors
  11 swamp drakes
  A sky beast (D:6)
  A black bear (shapeshifter) (Depths:3)
  A black mamba simulacrum (Elf:2)
  2 ice beasts
  A human zombie (Vaults:1)
  A fire dragon simulacrum (Elf:2)
  7 ogres
  3 black bears
  9 wolves
  3 centaurs
  5 boggarts (Vaults:1)
  3 phantoms
  A kobold brigand (D:9)
  11 bullfrogs
  2 earth elementals
  A bullfrog (shapeshifter) (Elf:1)
  A scorpion (Lair:1)
  A gnoll sergeant (D:10)
  7 wights
  13 killer bees
  3 elephant simulacra (Elf:2)
  3 electric eels
  8 howler monkeys
  3 hounds
  Crazy Yiuf (D:2)
  2 gnoll boudas
  16 orc priests
  A sleepcap (D:5)
  3 iguanas
  19 orc wizards
  A troll simulacrum (Elf:2)
  13 mummies
  12 gnolls
  10 adders
  2 shadow imps (D:7)
  A white imp (Vaults:1)
  3 ufetubi
  A worm (D:4)
  3 dart slugs (D:3)
  58 orcs
  7 ball pythons
  9 endoplasms
  4 giant cockroaches
  7 goblins
  10 hobgoblins
  7 jackals
  10 kobolds
  4 quokkas
  7 bats
  2 frilled lizards
  A gnoll skeleton (Ossuary)
  A goblin skeleton (Ossuary)
  4 kobold skeletons (Ossuary)
  2 orc skeletons (Ossuary)
  A rat (D:1)
  11 rat skeletons (Ossuary)
1980 creatures vanquished.

Vanquished Creatures (collateral kills)
  A green draconian (Zot:2)
  A dancing weapon (Elf:2)
  An orc high priest (Orc:2)
  A deep elf knight (Elf:2)
  An orc knight (Orc:2)
  2 orc sorcerers (Orc:2)
  2 slime creatures (Vaults:2)
  A hell hound (D:12)
  An ogre (D:6)
  An orc wizard (D:7)
  3 gnolls (D:6)
  An orc (D:6)
16 creatures vanquished.

Vanquished Creatures (others)
  A fire giant (Depths:3)
  A draconian scorcher (Zot:1)
  A deep elf elementalist (Elf:3)
  A yellow draconian (Zot:3)
  A deep elf death mage (Elf:3)
  A wizard (Vaults:3)
  2 vault sentinels (Vaults:1)
  A bloated husk (Swamp:3)
  A water moccasin (D:6)
  A centaur (D:15)
  A wight (D:6)
  An iguana (Lair:5)
  6 foxfires
19 creatures vanquished.

Grand Total: 2015 creatures vanquished

Notes
Turn   | Place    | Note
-------+----------+-------------------------------------------
     0 | D:1      | motkurizz the Demigod Artificer began the quest for the
                  | Orb.
     0 | D:1      | Reached XP level 1. HP: 15/15 MP: 3/3
    99 | D:1      | Reached skill level 1 in Fighting
   265 | D:1      | Reached XP level 2. HP: 24/24 MP: 4/4
   317 | D:1      | Reached skill level 1 in Short Blades
  1237 | D:2      | Noticed Terence
  1379 | D:2      | Reached XP level 3. HP: 26/29 MP: 5/5
  1534 | D:2      | Reached skill level 1 in Dodging
  1862 | D:2      | Reached XP level 4. HP: 29/37 MP: 6/6
  2022 | D:2      | Found a runed translucent door.
  2023 | D:2      | Noticed Crazy Yiuf
  2374 | D:3      | Found a runed translucent gate.
  2375 | D:3      | Found a runed translucent gate.
  2376 | D:3      | Found a runed translucent gate.
  2384 | D:3      | Noticed eelars's ghost (amateur DESu)
  2416 | D:3      | Reached skill level 2 in Dodging
  2487 | D:3      | Found Beteifop's Weapon Boutique.
  2532 | D:3      | Reached XP level 5. HP: 44/45 MP: 7/7
  2759 | D:3      | Noticed an ice beast
  4366 | D:5      | Entered Level 5 of the Dungeon
  4384 | D:5      | Reached skill level 3 in Dodging
  4565 | D:5      | Found a sand-covered staircase.
  4574 | Ossuary  | Entered an ossuary
  4650 | Ossuary  | Reached XP level 6. HP: 49/52 MP: 8/8
  5175 | D:5      | Reached skill level 4 in Dodging
  5488 | D:5      | Reached XP level 7. HP: 44/60 MP: 9/9
  5719 | D:5      | Reached skill level 5 in Fighting
  5978 | D:6      | Found a staircase to the Ecumenical Temple.
  6096 | D:6      | Noticed Edmund
  6140 | D:6      | Reached skill level 5 in Dodging
  6147 | D:6      | Killed Edmund
  6341 | D:3      | Bought the +0 sling of Diettawn {speed, Str+2 Dex-2 Stlth+}
                  | for 200 gold pieces
  6708 | D:6      | Reached skill level 1 in Ranged Weapons
  7089 | D:6      | Reached XP level 8. HP: 70/70 MP: 10/10
  7378 | D:6      | Reached skill level 6 in Dodging
  7688 | D:7      | Found Kovetalo's Magic Scroll Emporium.
  7698 | D:7      | Reached skill level 5 in Ranged Weapons
  8249 | D:8      | Reached XP level 9. HP: 75/75 MP: 11/11
  9240 | D:3      | Killed eelars's ghost
 10083 | D:9      | Noticed a brown ugly thing
 10270 | D:9      | Reached skill level 7 in Dodging
 10339 | D:9      | Found a staircase to the Orcish Mines.
 11040 | D:2      | Killed Crazy Yiuf
 11249 | D:7      | Bought a scroll of teleportation for 48 gold pieces
 11255 | D:7      | Bought a scroll of enchant armour for 120 gold pieces
 11327 | D:10     | Entered Level 10 of the Dungeon
 11361 | D:10     | Noticed Maurice
 11393 | D:9      | Reached XP level 10. HP: 66/86 MP: 13/13
 11545 | D:10     | Noticed Harold
 12294 | D:10     | Found a staircase to the Lair.
 12295 | D:10     | Noticed a two-headed ogre
 12300 | Lair:1   | Entered Level 1 of the Lair of Beasts
 12367 | Lair:1   | You fall into a shaft and drop 1 floor!
 12484 | Lair:2   | Noticed a four-headed hydra
 12962 | Lair:1   | Found a runed translucent door.
 12963 | Lair:1   | Identified the +11 spear of the People {flame, *Noise rElec
                  | rF- Will+++}
 12972 | Lair:1   | Noticed a black mamba
 13003 | Lair:1   | Killed a black mamba
 13004 | Lair:1   | Reached skill level 8 in Dodging
 13229 | Lair:1   | Reached XP level 11. HP: 95/95 MP: 14/14
 13262 | Lair:1   | Reached skill level 9 in Dodging
 13864 | Lair:1   | Noticed DEFE's ghost (journeyman DESh)
 14119 | Lair:2   | HP: 4/97 [four-headed hydra (1)]
 14120 | Lair:2   | HP: 1/97 [four-headed hydra (2)]
 14499 | Lair:2   | Reached skill level 10 in Ranged Weapons
 14784 | Lair:2   | Killed a four-headed hydra
 15028 | Lair:2   | Noticed a bog body
 15030 | Lair:2   | Killed a bog body
 15090 | Lair:2   | Found a staircase to the Swamp.
 15090 | Lair:2   | Noticed a bog body
 15104 | Lair:2   | Killed a bog body
 15535 | Lair:3   | Noticed a six-headed hydra
 15541 | Lair:3   | Killed a six-headed hydra
 15542 | Lair:3   | Reached skill level 10 in Fighting
 15916 | Lair:3   | Noticed a skyshark
 15926 | Lair:3   | Killed a skyshark
 15927 | Lair:3   | Reached skill level 10 in Dodging
 15931 | Lair:3   | Noticed Amaemon
 15942 | Lair:3   | Killed Amaemon
 15943 | Lair:3   | Reached XP level 12. HP: 106/106 MP: 15/15
 16015 | Lair:3   | Found a staircase to the Snake Pit.
 16609 | Lair:4   | Noticed a catoblepas
 16610 | Lair:4   | Found a runed translucent gate.
 16610 | Lair:4   | Noticed Shym's ghost (journeyman DjFE)
 16616 | Lair:4   | Found a runed translucent gate.
 16620 | Lair:4   | Found a runed translucent gate.
 17089 | Lair:4   | Found a staircase to the Slime Pits.
 17321 | Lair:5   | Entered Level 5 of the Lair of Beasts
 17667 | Lair:5   | Reached skill level 11 in Dodging
 18027 | Lair:5   | Reached XP level 13. HP: 116/116 MP: 16/16
 18855 | D:10     | Killed Maurice
 19316 | D:10     | Noticed a white very ugly thing
 19329 | D:10     | Killed a white very ugly thing
 19647 | D:10     | Killed Harold
 20252 | D:11     | Noticed Josephine
 20262 | D:11     | Killed Josephine
 20552 | D:12     | Reached skill level 12 in Dodging
 21006 | D:12     | Found a runed translucent door.
 22280 | Orc:1    | Entered Level 1 of the Orcish Mines
 22362 | Orc:1    | Found a runed translucent door.
 22369 | Orc:1    | Reached XP level 14. HP: 127/127 MP: 17/17
 22410 | Orc:1    | Noticed Geasohic's ghost (journeyman VSSh)
 22744 | Orc:2    | Entered Level 2 of the Orcish Mines
 22901 | Orc:2    | Reached skill level 1 in Stealth
 22915 | Orc:2    | Reached skill level 15 in Ranged Weapons
 23454 | Orc:2    | Found Qainonwa's Book Boutique.
 23454 | Orc:2    | Found Zibop's Antique Weapon Shoppe.
 23456 | Orc:2    | Found Kodwin's Distillery.
 23456 | Orc:2    | Found Leg Lavo's Jewellery Shoppe.
 23619 | Orc:2    | Found a staircase to the Elven Halls.
 23712 | Orc:1    | Killed Geasohic's ghost
 23981 | Swamp:1  | Entered Level 1 of the Swamp
 24017 | Swamp:1  | Noticed Louise
 24388 | Snake:1  | Entered Level 1 of the Snake Pit
 24466 | Snake:1  | Noticed Azrael
 24693 | Orc:2    | Bought a ring of poison resistance for 300 gold pieces
 26356 | D:13     | Identified the +3 sling of Governance {freeze, Fly rN+}
 27289 | D:14     | Noticed Roxanne
 27467 | D:14     | Identified the +2 pair of gloves of the Trombone {Rampage
                  | rF+ rCorr Int-5}
 27523 | D:14     | Reached skill level 5 in Armour
 27594 | D:14     | Found a gate to the Vaults.
 27825 | D:14     | Reached skill level 13 in Dodging
 28025 | D:14     | Noticed Agnes
 28039 | D:14     | Killed Agnes
 28475 | D:15     | Entered Level 15 of the Dungeon
 28477 | D:15     | Reached XP level 15. HP: 135/135 MP: 18/18
 28524 | D:15     | Noticed Kirke
 28528 | D:15     | Noticed a sphinx
 28720 | D:15     | Killed Kirke
 28774 | D:15     | Reached skill level 5 in Stealth
 28968 | D:15     | Found a staircase to the Depths.
 29639 | Swamp:1  | Identified the +7 whip "Gysu" {vamp, Str+3 Dex+6}
 29667 | Swamp:1  | Got the Almanac of the Inconstant Welkin
 29906 | Swamp:1  | Killed Louise
 30079 | Swamp:2  | Noticed a fenstrider witch
 30089 | Swamp:2  | Killed a fenstrider witch
 30660 | Swamp:2  | Noticed Donald
 30670 | Swamp:2  | Killed Donald
 31609 | Swamp:4  | Entered Level 4 of the Swamp
 32509 | Snake:1  | Killed Azrael
 32510 | Snake:1  | Reached XP level 16. HP: 146/146 MP: 19/19
 32536 | Lair:3   | Reached skill level 14 in Dodging
 33320 | Snake:2  | Found a transporter.
 33400 | Snake:2  | Found the +7 lajatang of Order {silver, rMut}
 35039 | Snake:4  | Entered Level 4 of the Snake Pit
 35039 | Snake:4  | Noticed Mlioglotl
 35422 | Elf:1    | Entered Level 1 of the Elven Halls
 35480 | Elf:1    | Reached skill level 15 in Dodging
 35491 | Elf:1    | Paralysed by an air elemental for 1 turns
 35493 | Elf:1    | Reached skill level 15 in Fighting
 35493 | Elf:1    | Paralysed by an air elemental for 1 turns
 35496 | Elf:1    | Found a huge runed gate.
 35496 | Elf:1    | Found a huge runed gate.
 35496 | Elf:1    | Found a huge runed gate.
 35496 | Elf:1    | Found a huge runed gate.
 35496 | Elf:1    | Found a huge runed gate.
 35496 | Elf:1    | Found a huge runed gate.
 35496 | Elf:1    | Found a huge runed gate.
 35496 | Elf:1    | Found a huge runed gate.
 35496 | Elf:1    | Found a huge runed gate.
 35496 | Elf:1    | Identified the +4 quarterstaff "Voqiany" {freeze, *Rage
                  | rPois Dex+2}
 35497 | Elf:1    | You fall into a shaft and drop 1 floor!
 35571 | Elf:1    | Found a huge runed gate.
 35571 | Elf:1    | Found a huge runed gate.
 35571 | Elf:1    | Found a huge runed gate.
 35571 | Elf:1    | Found a huge runed gate.
 35572 | Elf:1    | Found a huge runed gate.
 35572 | Elf:1    | Found a huge runed gate.
 35572 | Elf:1    | Found a huge runed gate.
 35572 | Elf:1    | Found a huge runed gate.
 35572 | Elf:1    | Found a huge runed gate.
 35573 | Elf:1    | Found a huge runed gate.
 35573 | Elf:1    | Found a huge runed gate.
 35574 | Elf:1    | Found a huge runed gate.
 35575 | Elf:1    | Found a huge runed gate.
 35576 | Elf:1    | Found a huge runed gate.
 35577 | Elf:1    | Found a huge runed gate.
 35586 | Elf:1    | Found a huge runed gate.
 35586 | Elf:1    | Found a huge runed gate.
 35586 | Elf:1    | Found a huge runed gate.
 35586 | Elf:1    | Found a huge runed gate.
 35586 | Elf:1    | Found a huge runed gate.
 35586 | Elf:1    | Found a huge runed gate.
 35587 | Elf:1    | Found a huge runed gate.
 35588 | Elf:1    | Found a huge runed gate.
 35600 | Elf:1    | Found a huge runed gate.
 35612 | Elf:1    | Found a huge runed gate.
 35612 | Elf:1    | Found a huge runed gate.
 35612 | Elf:1    | Found a huge runed gate.
 35862 | Elf:1    | Noticed a walking crystal tome
 35863 | Elf:1    | Found Syifaf's Book Shoppe.
 35869 | Elf:1    | Reached XP level 17. HP: 156/156 MP: 20/20
 35869 | Elf:1    | Noticed a walking earthen tome
 36034 | Elf:1    | Noticed an Ice Fiend
 36224 | Elf:1    | Got the Parchment of the Assembled Fifth Circle
 36546 | Elf:2    | Reached skill level 10 in Stealth
 36593 | Elf:2    | Got the Annotations on the Glacier
 36758 | Elf:2    | Reached skill level 16 in Dodging
 36772 | Elf:2    | Found a runed translucent gate.
 36772 | Elf:2    | Found a runed translucent gate.
 36772 | Elf:2    | Found a runed translucent gate.
 38301 | Elf:1    | Noticed a hellephant
 38335 | Elf:1    | Reached XP level 18. HP: 166/166 MP: 21/21
 38603 | Elf:1    | Reached skill level 17 in Dodging
 39232 | Elf:1    | Killed a hellephant
 40022 | Swamp:4  | Got a decaying rune of Zot
 40066 | Swamp:4  | Noticed a tentacled monstrosity
 40070 | Swamp:4  | Killed a tentacled monstrosity
 40071 | Swamp:4  | Identified a scroll of acquirement
 40086 | Swamp:4  | Acquired the +3 pair of gauntlets of War {Slay+5}
 40086 | Swamp:4  | Found the +3 pair of gauntlets of War {Slay+5}
 40568 | Snake:4  | Noticed a bone dragon
 40652 | Snake:3  | Killed Mlioglotl
 41029 | Snake:4  | Reached skill level 18 in Dodging
 41029 | Snake:4  | Reached XP level 19. HP: 151/174 MP: 22/22
 41103 | Snake:4  | Acquired 675 gold pieces
 41132 | Snake:4  | Noticed Asterion
 41140 | Snake:4  | Killed Asterion
 41671 | Snake:4  | Noticed Aizul
 41684 | Snake:4  | Killed Aizul
 42374 | Snake:4  | Noticed Vashnia
 42397 | Snake:4  | Killed Vashnia
 42846 | Snake:4  | Got a serpentine rune of Zot
 43635 | Vaults:1 | Entered Level 1 of the Vaults
 43753 | Vaults:1 | Found a transporter.
 43753 | Vaults:1 | Noticed KimchiStew's ghost (adept FoWn)
 43754 | Vaults:1 | Found a transporter.
 43755 | Vaults:1 | Identified the +6 great mace "Geagh" {venom, Str+5}
 44063 | Vaults:1 | Found Exuqoj's Antique Weapon Boutique.
 44202 | Vaults:1 | Reached skill level 19 in Dodging
 45538 | Vaults:2 | Noticed Norris
 45544 | Vaults:2 | Killed Norris
 45947 | Vaults:2 | Reached skill level 20 in Dodging
 46568 | Vaults:2 | Reached XP level 20. HP: 187/187 MP: 24/24
 46660 | Vaults:3 | Found Guthio's Weapon Emporium.
 47259 | Vaults:3 | Found a staircase to the Crypt.
 47306 | Vaults:3 | Identified the +0 ring mail of Okiutor {Fly rC+ Str+2}
 47429 | Vaults:3 | Identified the +4 cloak of Ughuxir {Stlth+}
 47822 | Vaults:3 | Found Xokounuh's Armour Boutique.
 47830 | Vaults:3 | Bought the -2 hat of the Alchemist {rElec rPois rF+ rC+ rN+
                  | Will+ rMut rCorr} for 802 gold pieces
 47830 | Vaults:3 | Found the -2 hat of the Alchemist {rElec rPois rF+ rC+ rN+
                  | Will+ rMut rCorr}
 48495 | Vaults:4 | Found Kageona's Antique Armour Emporium.
 48502 | Vaults:4 | Bought an embroidered scarf for 328 gold pieces
 48514 | Vaults:4 | Reached skill level 10 in Armour
 48589 | Vaults:4 | Found Biom's Book Emporium.
 48805 | Vaults:4 | Found Qaokketz's Weapon Emporium.
 48853 | Vaults:4 | Found Alukat's Assorted Antiques.
 48861 | Vaults:4 | Bought a scroll of enchant weapon for 307 gold pieces
 49184 | Depths:1 | Entered Level 1 of the Depths
 49780 | Depths:1 | Found a gateway to Hell.
 49901 | Depths:1 | Reached XP level 21. HP: 196/196 MP: 25/25
 50402 | Depths:1 | Found a one-way gate leading to the halls of Pandemonium.
 50627 | Depths:2 | Found a one-way gate to the infinite horrors of the Abyss.
 50845 | Depths:2 | Found a one-way gateway to a ziggurat.
 51266 | Depths:2 | Noticed a golden dragon
 51271 | Depths:2 | Killed a golden dragon
 51883 | Depths:3 | Identified the +7 hand axe "Mappiklufa" {spect, rPois Str+4
                  | Dex+3}
 52353 | Depths:3 | Identified the +0 robe "Vorhul" {rC+ Int+2 Stlth+ Archmagi}
 52568 | Depths:3 | Noticed a juggernaut
 52575 | Depths:3 | Killed a juggernaut
 52647 | Depths:3 | Noticed a golden dragon
 52663 | Depths:3 | Killed a golden dragon
 52664 | Depths:3 | Reached skill level 21 in Dodging
 52684 | Depths:3 | Noticed a juggernaut
 52690 | Depths:3 | Killed a juggernaut
 52873 | Depths:3 | You fall into a shaft and drop 1 floor!
 52873 | Depths:4 | Entered Level 4 of the Depths
 52883 | Depths:4 | Noticed a golden dragon
 53298 | Depths:4 | Killed a golden dragon
 53299 | Depths:4 | Reached XP level 22. HP: 210/210 MP: 26/26
 53368 | Depths:4 | Found a gate to the Realm of Zot.
 53473 | Depths:4 | Noticed a juggernaut
 53484 | Depths:4 | Killed a juggernaut
 54433 | Elf:3    | Entered Level 3 of the Elven Halls
 54862 | Elf:3    | Reached skill level 22 in Dodging
 55172 | Elf:3    | Identified the +0 robe of Bitterness {Str+2 Dex+2}
 55256 | Elf:3    | Identified the +9 flail of Daturas {heavy, rPois rCorr
                  | Str+4}
 55259 | Elf:3    | Identified the +9 dagger "Giantslayer" {heavy, rF+ rC+
                  | Int+3}
 55272 | Elf:3    | Identified the +8 mace of the Fifty Artisans {venom, rElec
                  | rPois rC+}
 55629 | Elf:3    | Got the Almanac of Massed Ensorcelling
 55631 | Elf:3    | Got the Cyclopedia of Viridian Freezing
 55673 | Elf:3    | Got the Omnibus of the Catacomb
 55684 | Elf:3    | Got Sif Muna's Essays on Rime and the Switch
 56365 | Vaults:1 | Killed KimchiStew's ghost
 56404 | Vaults:1 | Got Isisyuj's Mastery of Wizarding
 56700 | Orc:2    | Bought a potion of resistance for 170 gold pieces
 56700 | Orc:2    | Bought a potion of heal wounds for 85 gold pieces
 56700 | Orc:2    | Bought a potion of curing for 51 gold pieces
 57745 | Vaults:5 | Entered Level 5 of the Vaults
 57807 | Vaults:5 | Reached skill level 1 in Shields
 57815 | Vaults:5 | Noticed an ancient lich
 57826 | Vaults:5 | Killed an ancient lich
 57918 | Vaults:5 | Reached skill level 5 in Shields
 58055 | Vaults:5 | Reached XP level 23. HP: 220/220 MP: 27/27
 58179 | Vaults:5 | Identified the +8 chain mail of the Silversmith {Rampage
                  | rN+ Stlth+}
 58187 | Vaults:5 | Noticed a dread lich
 58195 | Vaults:5 | Killed a dread lich
 58407 | Vaults:5 | Identified the ring of Rual {rElec Will+}
 58571 | Vaults:5 | Reached skill level 10 in Shields
 58795 | Vaults:5 | Identified the +0 ring mail of Shielding {rF+ Stlth+}
 59012 | Vaults:5 | Got the Precepts of Moulding
 59535 | Vaults:5 | Got a silver rune of Zot
 59976 | Zot:1    | Entered Level 1 of the Realm of Zot
 60422 | Zot:1    | Reached skill level 23 in Dodging
 60999 | Zot:2    | Noticed an ancient lich
 61005 | Zot:2    | Noticed an orb of fire
 61009 | Zot:2    | Killed an ancient lich
 61018 | Zot:2    | Killed an orb of fire
 61432 | Zot:2    | Reached XP level 24. HP: 193/231 MP: 27/27
 61777 | Zot:2    | Noticed a Killer Klown
 61782 | Zot:2    | Killed a Killer Klown
 62047 | Zot:2    | Noticed a Killer Klown
 62055 | Zot:2    | Killed a Killer Klown
 62692 | Zot:3    | Reached skill level 24 in Dodging
 62718 | Zot:3    | Identified the +1 short sword of the Final Decision {flame,
                  | rPois Will+}
 62738 | Zot:3    | Noticed Grunn
 62744 | Zot:3    | Killed Grunn
 63093 | Zot:4    | Noticed Vv
 63103 | Zot:3    | Killed Vv
 63736 | Zot:5    | Entered Level 5 of the Realm of Zot
 63913 | Zot:5    | Identified the +3 leather armour of Hedging {rPois Int-2
                  | Dex-3 SInv}
 64509 | Zot:5    | Noticed an ancient lich
 64512 | Zot:5    | Killed an ancient lich
 64528 | Zot:5    | Noticed a Killer Klown
 64541 | Zot:5    | Killed a Killer Klown
 64561 | Zot:5    | Noticed a Killer Klown
 64563 | Zot:5    | Noticed a Killer Klown
 64566 | Zot:5    | Killed a Killer Klown
 64728 | Zot:5    | Noticed a dread lich
 64732 | Zot:5    | Killed a dread lich
 64732 | Zot:5    | Noticed a Killer Klown
 64733 | Zot:5    | Reached XP level 25. HP: 240/240 MP: 7/27
 64851 | Zot:5    | Noticed an orb of fire
 64865 | Zot:5    | Noticed an orb of fire
 64870 | Zot:5    | Gained mutation: Your body sometimes deteriorates upon
                  | taking damage. [an orb of fire]
 64876 | Zot:5    | Killed an orb of fire
 64877 | Zot:5    | Reached skill level 25 in Dodging
 64882 | Zot:5    | Killed an orb of fire
 65161 | Zot:5    | Got the Orb of Zot
 65165 | Zot:5    | Noticed Kallawene the pandemonium lord
 65667 | D:$      | Escaped with the Orb!

Illustrated notes

Levels and vault maps discovered:
D:1:      lordsloth_arrival_two_stooges, layout_basic,
          shapermc_ecumenical_altar_gd, minmay_tromino_v2
D:2:      layout_basic, uniq_crazy_yiuf_cottage, uniq_terence
D:3:      layout_loops_ring, serial_shops, nicolae_shop_window_shopping,
          gammafunk_ghost_split, lightli_corner_chamber
D:4:      layout_layer_cave
D:5:      wander_river, layout_basic, gup_ossuary_entry_pyramid
D:6:      layout_gridville, minmay_temple_entry_antechambers, uniq_edmund
D:7:      layout_basic, serial_shops, nicolae_shop_statue_plus,
          dk_noncrumbling_3
D:8:      layout_rooms, overflow_temple_1_default, serial_bayou_pond_d,
          fountainhead, chequers_garden, minmay_fountain_box,
          minmay_misc_feat_roman, hangedman_decor_peaks_small
D:9:      layout_basic, mainiacjoe_overflow_boulevard,
          mainiacjoe_overflow_alcove_1, david_orc_4, kennysheep_generic_room_6
D:10:     cheibrodos_breeding_chamber, layout_rooms,
          chequers_temple_overflow_statue_of_worship,
          due_lair_maze_entry_diamond, minmay_misc_feat_x, uniq_maurice,
          uniq_harold
D:11:     layout_roguey, hangedman_feature_mirror, uniq_josephine
D:12:     mludivico_vault, layout_grid_maze
D:13:     layout_gridville, minmay_crystal_water, chequers_avenue,
          hangedman_abyss_or_decor_stagger
D:14:     layout_cave_pods, grunt_vaults_entry_fortified, uniq_roxanne,
          uniq_agnes
D:15:     gammafunk_depths_entry_grave, layout_cave_pools,
          minmay_misc_feat_ornament, uniq_kirke
Lair:1:   layout_gridlike, ebering_ghost_funeral_grove, lemuel_fruit_fields
Lair:2:   layout_cellular_growth, nicolae_swamp_entry_splash_gauntlet,
          grunt_megastairs_3
Lair:3:   layout_chaotic_city, nicolae_snake_entry_squirm, uniq_amaemon
Lair:4:   layout_roguey, slime_entry_1, gammafunk_ghost_split
Lair:5:   guppyfry_lair_end_dragon, layout_gridlike, nicolae_lair_lil_pond
Swamp:1:  layout_basic_swamp, serial_swamp_ruin, evilmike_swamp_ruin_house_5,
          evilmike_swamp_ruin_house_6, swamp_pool1, uniq_louise
Swamp:2:  layout_falls_marsh, evilmike_swamp_ruin_house_3, uniq_donald
Swamp:3:  layout_basic_swamp, evilmike_swamp_ruin_wall
Swamp:4:  swamp, layout_basic_swamp
Snake:1:  layout_rooms, basic_altar, uniq_azrael
Snake:2:  gammafunk_sealed_library, layout_onion_interference
Snake:3:  layout_misc_corridors, st_stairs_6, guppyfry_snake_island
Snake:4:  grunt_snake_rune_serpentine_throne, layout_layer_cave,
          nicolae_snake_linked_coils, uniq_aizul, uniq_asterion, uniq_mlioglotl
Orc:1:    layout_caves, ebering_ghost_reflecting_pool
Orc:2:    grunt_orc_tribal_feast, layout_caves, mines1_david
Elf:1:    eino_elf_arrival_customs, layout_gridlike, serial_shops,
          nicolae_shop_mannequins, minmay_elf_sorcery, not_door_vault_due
Elf:2:    elven_hall_of_blades_hangedman_original [nicolae_blade_bullseye],
          layout_geoelf_diagonals, hangedman_research_thermodynamics
Elf:3:    minmay_elf_hall_x, layout_gridlike, david_defended_altar_elf
Vaults:1: gammafunk_ghost_smash, hangedman_vaults_stagger,
          nicolae_vaults_arrows, nicolae_vaults_layer_cake_slice,
          nicolae_vaults_more_shelving_2, serial_ice_b, v_alt_pattern_5,
          v_misc_33, nicolae_vaults_little_squares_2,
          nicolae_vaults_double_plus_1, layout_vaults_chaotic_city,
          serial_shops, shop
Vaults:2: nicolae_vaults_trapezoid_lopsided_3, nicolae_vaults_shrinking_rooms_1,
          nicolae_vaults_stepped_doors, v_misc_11, ontoclasm_vaults_tryst,
          v_pattern_2, nicolae_vaults_octothorpe, nicolae_vaults_apartment_1,
          nicolae_vaults_trapezoid_4, vaults_room_large_hall,
          vaults_mumra_minichess_inversion, layout_vaults_ring, uniq_norris
Vaults:3: nicolae_vaults_stairing_the_circle, grunt_vaults_hallway_long,
          nicolae_vaults_hallways_thing, minmay_crypt_entry_simple_corners,
          nicolae_vaults_door_testing_chamber, nicolae_vaults_shelves_hall,
          nicolae_vaults_border_crossing, v_misc_27, vaults_room_semicircle,
          nicolae_vaults_taking_the_gang_shopping, vaults_dpeg_encased_lava,
          vaults_mumra_hexcomb, nicolae_vaults_little_squares_1,
          layout_vaults_omnicross, serial_shops, nicolae_shop_back_alley_shop
Vaults:4: nicolae_vaults_circle_grid_a, nicolae_vaults_network_star,
          nicolae_vaults_trapezoid_1, v_misc_8,
          nicolae_vaults_diagonal_hallway_7, nicolae_vaults_spaceships,
          nicolae_vaults_tetromino_Z_2, v_misc_18, hangedman_vaults_nodes,
          nicolae_vaults_storage_room_glass, nicolae_vaults_surprise_closet,
          v_misc_33, nicolae_vaults_quadrants, vaults_dpeg_diagonal,
          nicolae_vaults_trapezoid_3, layout_vaults_omnibox, serial_shops, shop,
          nicolae_shop_back_alley_shop, shop, nicolae_book_shop_shelving,
          uniq_xtahua
Vaults:5: serial_shops
Depths:1: layout_gridlike, hell_entry, rand_demon_pan_entry_4,
          nicolae_hepliaklqana_hazy_memory, serial_co_window_serial,
          co_window_paths_b, co_window_corner_a, co_window_paths_a,
          co_window_paths_a, co_window_paths_a, co_window_unsneaky_path_c,
          co_window_of_opportunity_c, co_window_unsneaky_path_e,
          co_window_broadway_c, co_window_cross_4, co_window_broadway_a,
          co_window_4corner_a, co_window_paths_e, glass_columns_c,
          glass_columns_a, glass_columns_a, glass_columns_c, glass_columns_c,
          grunt_ministairs_8
Depths:2: hangedman_stitches_corridor, layout_cave_shapes, enter_ziggurat_c,
          nicolae_abyss_entry_one_way_or_another, pf_hell_entry_tar_spiral,
          nicolae_twisty_statue_hallways, rand_demon_pan_entry_1
Depths:3: grunt_runaround [grunt_runaround_doors_1, grunt_runaround_doors_2,
          grunt_runaround_doors_3, grunt_runaround_doors_4,
          grunt_runaround_loot], abyss_entry, hell_entry
Depths:4: grunt_crosshair, layout_basic, grunt_hell_horde,
          infiniplex_staircase_pool_lava
Zot:1:    layout_misc_corridors, grunt_megastairs_2
Zot:2:    hangedman_zot_vaults_quadrants, layout_onion_interference,
          grunt_ministairs_5, uniq_josephina
Zot:3:    layout_misc_corridors, skrybe_zot_glass_1, uniq_grunn
Zot:4:    layout_misc_corridors, uniq_vv
Zot:5:    layout_cathedral_of_symmetry

Skill      XL: |  1  2  3  4  5  6  7  8  9 10 11 12 13 14 15 16 17 18 19 20 21 22 23 24 25 |
---------------+----------------------------------------------------------------------------+-----
Fighting       | 1 2 3 4 6 7 8 10 11 12 13 14 15 16 17 18 20 21 22 | 22.9
Short Blades   | 1 2 4 |  4.0
Dodging        | 1 2 3 4 5 6 7 8 10 11 12 13 15 16 18 20 21 22 23 24 25 | 25.4
Armour         | 2 3 5 6 11 | 11.3
Ranged Weapons | 2 6 8 9 11 13 14 15 17 18 19 20 21 | 21.6
Evocations     | 3 4 |  4.0
Stealth        | 4 6 9 10 | 10.0
Shields        | 7 12 13 14 | 14.0

Action                     |  1- 3 |  4- 6 |  7- 9 | 10-12 | 13-15 | 16-18 | 19-21 | 22-24 | 25-27 || total
---------------------------+-------+-------+-------+-------+-------+-------+-------+-------+-------++-------
  Melee: Dagger            |   113 |       |       |       |       |       |       |       |       ||   113
         Club              |    12 |       |       |       |       |       |       |       |       ||    12
         Punch             |     2 |     1 |     2 |     4 |       |       |       |       |       ||     9
         Spear             |     4 |    72 |       |       |       |       |       |       |       ||    76
         Rapier            |       |   150 |   289 |   205 |       |       |       |       |       ||   644
   Fire: Sling             |       |       |   171 |    63 |       |       |       |       |       ||   234
         Orcbow            |       |       |       |   449 |   528 |       |       |       |       ||   977
         Arbalest          |       |       |       |       |   703 |   874 |  1572 |   345 |       ||  3494
         Hand crossbow     |       |       |       |       |       |       |       |  1129 |   152 ||  1281
  Throw: Stone             |    13 |       |       |       |       |       |       |       |       ||    13
         Dart              |     3 |     3 |     2 |       |       |       |       |       |       ||     8
         Boomerang         |       |    26 |     1 |       |       |       |       |       |       ||    27
  Evoke: Wand              |     8 |     4 |    26 |     2 |    10 |       |     3 |     2 |       ||    55
         Phial of floods   |       |       |     2 |     1 |     5 |       |     1 |     1 |       ||    10
         Lightning rod     |       |       |       |       |       |       |       |     5 |     4 ||     9
    Use: Scroll            |     2 |     5 |    11 |     9 |    22 |    11 |     5 |    29 |       ||    94
         Potion            |       |       |     2 |     4 |     7 |     3 |     1 |     6 |     2 ||    25
   Stab: Sleeping          |     2 |     8 |       |       |       |       |       |       |       ||    10
         Distracted        |     1 |       |       |       |       |       |       |       |       ||     1
 Armour: Leather armour    |    28 |    35 |    14 |       |       |       |       |       |       ||    77
         Steam dragon scal |       |       |    45 |   128 |   102 |    87 |    67 |    60 |     1 ||   490
         Skin              |       |       |    47 |    37 |     4 |       |       |       |       ||    88
  Dodge: Dodged            |    66 |    85 |   249 |   318 |   752 |   617 |  1073 |  1088 |    46 ||  4294
  Block: Buckler           |       |       |       |       |       |       |       |    31 |       ||    31
         Kite shield       |       |       |       |       |       |       |       |   652 |    69 ||   721

Table legend: (Time is in decaauts)
 A = Elapsed time spent in this place.
 B = Non-inter-level travel time spent in this place.
 C = Inter-level travel time spent in this place.
 D = Time resting spent in this place.
 E = Time spent auto-exploring this place.
 F = Levels seen in this place.
 G = Mean time per level.
                   A        B        C        D        E       F      G
               +--------+--------+--------+--------+--------+-----+--------+
         Total |  66235 |  56065 |  10170 |   9282 |  30490 |  48 | 1379.9 |
       Dungeon |  21951 |  17091 |   4860 |   2112 |  10047 |  15 | 1463.4 |
          Lair |   7940 |   6500 |   1440 |   1353 |   3458 |   5 | 1588.0 |
         Swamp |   3813 |   3458 |    355 |   1043 |   1522 |   4 |  953.2 |
     Snake Pit |   5879 |   5169 |    710 |   1682 |   2185 |   4 | 1469.8 |
  Orcish Mines |   1949 |   1427 |    522 |    126 |    924 |   2 |  974.5 |
   Elven Halls |   5477 |   5173 |    304 |   1818 |   1711 |   3 | 1825.7 |
        Vaults |   8063 |   7216 |    847 |    299 |   4536 |   5 | 1612.6 |
        Depths |   5291 |   4468 |    823 |    196 |   3118 |   4 | 1322.8 |
           Zot |   5312 |   5006 |    306 |    651 |   2699 |   5 | 1062.4 |
       Ossuary |    557 |    557 |      0 |      0 |    289 |   1 |  557.0 |
               +--------+--------+--------+--------+--------+-----+--------+

Top non-repeatable levels by time:
    D:12: 3230 daAuts
 Snake:4: 2799 daAuts
   Elf:1: 2429 daAuts
     D:9: 2344 daAuts
Vaults:1: 2139 daAuts
  Lair:2: 2019 daAuts
  Lair:1: 1927 daAuts
Vaults:5: 1900 daAuts
    D:14: 1790 daAuts
Depths:3: 1772 daAuts
   Elf:2: 1707 daAuts
Vaults:3: 1674 daAuts
  Lair:3: 1632 daAuts
     D:4: 1616 daAuts
   Zot:2: 1561 daAuts
